 Dungeon Crawl Stone Soup version 0.19.5 (webtiles) character file.

777 QuCean the Ruffian (level 7, -4/67 HPs)
             Began as a Troll Monk on Apr 28, 2017.
             Was a Believer of Trog.
             Slain by a wyvern zombie (11 damage)
             ... on level 7 of the Dungeon on May 2, 2017.
             The game lasted 00:35:56 (4906 turns).

QuCean the Ruffian (Troll Monk)                     Turns: 4906, Time: 00:35:57

Health: -4/67      AC:  5    Str: 22    XL:     7   Next: 54%
Magic:  6/6        EV: 11    Int:  6    God:    Trog [**....]
Gold:   389        SH:  0    Dex: 12    Spells: 0 memorised, 6 levels left

rFire  . . .     SeeInvis .       - Unarmed
rCold  . . .     Gourm    +     K - +0 robe
rNeg   . . .     Faith    .     (no shield)
rPois  .         Spirit   .     (helmet restricted)
rElec  .         Reflect  .     (no cloak)
rCorr  .         Harm     .     (gloves unavailable)
MR     .....                    (boots unavailable)
Stlth  ++........               (no amulet)
                                (no ring)
                                (no ring)

@: no status effects
A: unfitting armour, claws 3, fast metabolism 3, gourmand, regeneration 1,
shaggy fur 1, tough skin 2
a: Berserk, Trog's Hand, Burn Spellbooks, Renounce Religion


You were on level 7 of the Dungeon.
You worshipped Trog.
Trog was pleased with you.
You were full.

You visited 1 branch of the dungeon, and saw 7 of its levels.

You collected 389 gold pieces.

Inventory:

Hand Weapons
 e - a +0 quarterstaff
 m - a +0 dagger
 p - a +0 dagger
 r - a +0 club
 t - a +0 mace
 x - a +0 spear
 A - a +0 club
 B - a +0 spear
 L - a +0 trident
 M - a +0 falchion
Missiles
 v - 111 stones (quivered)
 H - 28 arrows
Armour
 a - a +0 robe
 n - a +0 plate armour
 q - a +0 ring mail
 u - a +0 leather armour
 F - a +0 chain mail
 G - a +0 helmet
 I - a +0 pair of boots
 K - a +0 robe (worn)
 O - a +0 robe
 S - the +1 robe "Baoteip" {-Cast rElec MP+9 Dex+2, unknown}
   (You found it on level 5 of the Dungeon)

   It affects your dexterity (+2).
   It insulates you from electricity.
   It affects your magic capacity (+9).
   It prevents spellcasting.
Jewellery
 j - an uncursed ring of stealth {unknown}
 y - an uncursed ring of magical power {unknown}
Wands
 b - a wand of disintegration (12/24)
 N - a wand of slowing (2/48)
Scrolls
 c - a scroll of fear
 d - 4 scrolls of magic mapping
 f - 2 scrolls of amnesia
 g - 2 scrolls of recharging {unknown}
 i - 3 scrolls of enchant weapon {unknown}
 s - 2 scrolls of remove curse {unknown}
 w - 3 scrolls of fog {unknown}
 Q - a scroll of vulnerability {unknown}
Potions
 h - a potion of lignification {unknown}
 k - a potion of resistance {unknown}
 l - 2 potions of curing {unknown}
 o - a potion of brilliance {unknown}
 z - a potion of degeneration {unknown}
 J - 2 potions of agility {unknown}
 P - 2 potions of heal wounds {unknown}
 R - a potion of ambrosia {unknown}
Books
 C - a book of Maledictions

   Spells                             Type                      Level
   a - Corona                         Hexes                        1
   b - Ensorcelled Hibernation        Hexes/Ice                    2
   c - Confuse                        Hexes                        3
   d - Tukima's Dance                 Hexes                        3
   e - Dazzling Spray                 Conjuration/Hexes            3
   Trog disapproves of the use of such an item.
Comestibles
 D - a meat ration
 E - a slice of pizza


   Skills:
 + Level 3.0 Fighting
 + Level 3.9 Dodging
 + Level 1.6 Stealth
 * Level 7.5 Unarmed Combat


You had 6 spell levels left.
You didn't know any spells.

Dungeon Overview and Level Annotations

Branches:
Dungeon (7/15)
 Temple: D:4-7

Altars:
Ashenzari
Trog
Vehumet
The Shining One

Annotations:
D:6 exclusion: statue


Innate Abilities, Weirdness & Mutations

You are too large for most types of armour.
You have claws for hands.
Your metabolism is lightning-fast.
You like to eat raw meat.
Your natural rate of healing is unusually fast.
You are covered in fur. (AC +1)
You have very tough skin. (AC +2)


Message History

The sky beast barely misses you.
You scratch the sky beast.
The sky beast is almost dead.
The sky beast flickers out of sight!
Deactivating autopickup; reactivate with Ctrl-A.
Something hits you. Something shocks you.
You mangle something!! Trog accepts your kill.
Reactivating autopickup.
Your Fighting skill increases to level 3!
You feel a bit more experienced. The wyvern zombie bites you.
* * * LOW HITPOINT WARNING * * *
The wyvern zombie bites you!
* * * LOW HITPOINT WARNING * * *
An ogre comes into view. It is wielding a giant club.
The shadow imp shouts, "Slither home, thou foisting ditch-delivered death-token!"
The ogre misses you. The wyvern zombie barely misses you.
You scratch the ogre but do no damage. The wyvern zombie bites you!
You die...

### ########.#
#..5Z@O..#
#.######.# #†#
#.# #.# #.# #.#
#.# . #.# #.#
....# . #.# #.#
....# . #.#
##.####...# .
#.#####....##...#
###.


You could see an ogre, a shadow imp and a wyvern zombie.

Vanquished Creatures
  A sky beast (D:7)
  2 ice beasts (D:5)
  An ogre (D:6)
  A water moccasin skeleton (D:7)
  A centaur zombie (D:5)
  A hound (D:5)
  A bullfrog skeleton (D:5)
  An iguana (D:6)
  An orc priest (D:5)
  3 worker ants
  The ghost of letownia the Insei, a weakling OpTm (D:3)
  A worker ant zombie (D:5)
  6 adders
  A shadow imp (D:5)
  An ooze (D:3)
  5 worms
  2 leopard geckos (D:1)
  3 orcs
  6 bats
  3 giant cockroaches
  3 goblins
  3 hobgoblins
  4 jackals (D:5)
  4 quokkas
  4 frilled lizards
  3 kobolds
  A leopard gecko zombie (D:6)
  A quokka skeleton (D:6)
  5 rats
70 creatures vanquished.

Notes
Turn   | Place    | Note
-------+----------+-------------------------------------------
     0 | D:1      | QuCean the Troll Monk began the quest for the Orb.
     0 | D:1      | Reached XP level 1. HP: 22/22 MP: 0/0
   348 | D:1      | Reached XP level 2. HP: 22/29 MP: 1/1
  1132 | D:2      | Found a faded altar of an unknown god.
  1578 | D:2      | Reached XP level 3. HP: 35/36 MP: 2/2
  2132 | D:3      | Found a glowing golden altar of the Shining One.
  2484 | D:3      | Noticed letownia's ghost (weakling OpTm)
  2496 | D:3      | Killed letownia's ghost
  2496 | D:3      | Reached skill level 4 in Unarmed Combat
  2496 | D:3      | Reached XP level 4. HP: 38/44 MP: 3/3
  3026 | D:4      | You fall through a shaft for 2 floors!
  3064 | D:6      | Noticed a centaur
  3065 | D:6      | Noticed a centaur
  3117 | D:5      | Entered Level 5 of the Dungeon
  3224 | D:5      | Reached XP level 5. HP: 46/50 MP: 4/4
  3279 | D:5      | Reached skill level 5 in Unarmed Combat
  3297 | D:5      | Noticed an ice beast
  3306 | D:5      | Killed an ice beast
  3306 | D:5      | Reached XP level 6. HP: 41/59 MP: 5/5
  3598 | D:4      | Found a shattered altar of Ashenzari.
  3654 | D:4      | You fall through a shaft for 2 floors!
  3823 | D:6      | Found a radiant altar of Vehumet.
  3849 | D:6      | Reached skill level 6 in Unarmed Combat
  3985 | D:6      | Noticed a moth of wrath
  3989 | D:6      | Found a bloodstained altar of Trog.
  4060 | D:6      | Became a worshipper of Trog the Wrathful
  4060 | D:6      | Reached * piety under Trog
  4060 | D:6      | Reached ** piety under Trog
  4262 | D:5      | Reached XP level 7. HP: 59/66 MP: 6/6
  4615 | D:5      | Got a wizard robe
  4688 | D:5      | You fall through a shaft!
  4874 | D:7      | Reached skill level 7 in Unarmed Combat
  4906 | D:7      | Slain by a wyvern zombie

Skill      XL: |  1  2  3  4  5  6  7 |
---------------+----------------------+-----
Dodging        | 3 |  3.9
Unarmed Combat | 4 5 6 7 |  7.5
Fighting       | 3 |  3.0
Stealth        | |  1.6

Action                   |  1- 3 |  4- 6 |  7- 9 || total
-------------------------+-------+-------+-------++-------
Melee: Unarmed           |    95 |   124 |    33 ||   252
       Punch             |     2 |     2 |     1 ||     5
  Use: Scroll            |     1 |     3 |     1 ||     5
 Stab: Sleeping          |     2 |     1 |       ||     3
  Eat: Fruit             |     4 |       |       ||     4
       Bread ration      |     3 |     2 |       ||     5
       Chunk             |     1 |     5 |     1 ||     7
       Pizza             |     1 |       |       ||     1
       Royal jelly       |       |     1 |       ||     1
       Meat ration       |       |     1 |     1 ||     2
Armor: Robe              |    58 |    80 |     6 ||   144
Dodge: Dodged            |    51 |   105 |    12 ||   168
